AoeStats
← NPG | Shimishi Maki

African Clearing

506747704Analyzed
4v4 RM · 17d ago on Sep 15, 2026· 40m 27s· 8 players
Game mode
Random Map
Map size
Large (8 player)
Population
200
Speed
Normal
Resources
Standard
Victory
Conquest
Starting age
Dark Age
Ending age
Imperial Age
RankedLock teamsTeams togetherTeam positionsShared explorationLock speedFull tech treeHidden civsTurbo modeCheats
Victory
Defeat
🇨🇱 Khmer · Chile
1666
+10
🇨🇱 Turks · Chile
1576
+13
🇨🇱 Jurchens · Chile
1521
+15
🇦🇷 Persians · Argentina
1480
+17
🇺🇸 Aztecs · United States
1544
-15
🇺🇸 Vikings · United States
1514
-14
🇲🇽 Mapuche · Mexico
1495
-13
🇲🇽 Koreans · Mexico
1480
-13
busy pushing deer
14:41 Feudal Age
16:24 Double-Bit Axe
18:46 Castle Age
18:29 Fishing Lines
19:53 Bow Saw
20:17 Gillnets
23:37 Loom
23:40 Town Watch
24:11 Fletching
25:52 Ballistics
26:23 Horse Collar
27:25 Heavy Plow
33:03 Imperial Age
31:09 Gambesons
30:48 Man-at-Arms
31:28 Squires
31:58 Scale Mail Armor
32:08 Forging
32:14 Long Swordsman
32:39 Arson
33:14 Chain Mail Armor
33:17 Gold Mining
33:18 Stone Mining
33:06 Two-Handed Swordsman
34:26 Iron Casting
34:16 Conscription
34:54 Plate Mail Armor
34:11 Champion
36:20 Blast Furnace
36:58 Two-Man Saw
37:04 Chieftains
37:18 Onager
38:43 Siege Engineers
38:20 Treadmill Crane
39:41 Bodkin Arrow
robecha18
3:01 Loom
13:23 Feudal Age
19:21 Castle Age
19:20 Scale Mail Armor
19:49 Pikeman
20:36 Squires
21:43 Double-Bit Axe
25:11 Gambesons
26:17 Arson
28:00 Chain Mail Armor
28:17 Gold Mining
32:00 Wheelbarrow
34:20 Forging
thefacelessz12
11:41 Loom
14:17 Feudal Age
18:14 Castle Age
16:23 Double-Bit Axe
27:27 Fishing Lines
31:20 Gillnets
36:33 Imperial Age
34:22 Fletching
35:13 Horse Collar
36:14 Wheelbarrow
35:24 Town Watch
36:54 Bodkin Arrow
37:24 Ballistics
37:06 Padded Archer Armor
37:17 Malon
37:46 Gold Mining
38:40 Hand Cart
38:25 Elite Bolas Rider
39:29 Onager
UOMOdelFORMAGGIO
3:27 Loom
12:43 Feudal Age
16:38 Castle Age
14:45 Double-Bit Axe
18:11 Scale Mail Armor
24:52 Eagle Warrior
39:17 Wheelbarrow
38:58 Bow Saw
NPG | DR@CA
13:17 Feudal Age
11:34 Loom
17:08 Castle Age
15:02 Double-Bit Axe
17:57 Wheelbarrow
17:14 Fletching
18:16 Bodkin Arrow
19:48 Horse Collar
23:05 Husbandry
23:34 Bow Saw
25:05 Town Watch
30:40 Padded Archer Armor
32:31 Leather Archer Armor
32:28 Bloodlines
35:24 Imperial Age
34:01 Scale Barding Armor
33:51 Gold Mining
36:18 Bracer
36:49 Hand Cart
39:14 Chemistry
40:02 Scale Mail Armor
40:12 Forging
40:04 Squires
AiM | PoRRo
6:25 Loom
13:12 Feudal Age
13:54 Double-Bit Axe
17:09 Forging
18:32 Scale Barding Armor
20:59 Bloodlines
22:36 Wheelbarrow
25:57 Castle Age
25:32 Stone Mining
27:05 Fletching
30:17 Husbandry
32:03 Ballistics
32:56 Bodkin Arrow
Casitas Voy
10:44 Loom
13:26 Feudal Age
17:35 Castle Age
17:30 Double-Bit Axe
17:55 Scale Barding Armor
23:42 Town Watch
24:50 Fletching
24:41 Horse Collar
29:04 Bodkin Arrow
31:50 Wheelbarrow
32:29 Bow Saw
33:32 Hand Cart
34:23 Heavy Plow
35:15 Gold Mining
39:14 Imperial Age
37:12 Chain Barding Armor
37:31 Gold Shaft Mining
37:39 Forging
38:00 Bloodlines
37:50 Husbandry
39:41 Iron Casting
38:58 Cavalier
40:15 Plate Barding Armor
40:42 Two-Man Saw
40:57 Two-Man Saw
41:47 Blast Furnace
NPG | Shimishi Maki
13:21 Feudal Age
16:10 Castle Age
14:00 Loom
16:45 Castle Age
14:37 Horse Collar
14:57 Double-Bit Axe
17:44 Bow Saw
17:37 Heavy Plow
23:06 Town Watch
24:00 Wheelbarrow
26:28 Gold Mining
28:13 Stone Mining
31:27 Imperial Age
29:07 Scale Barding Armor
29:56 Gold Shaft Mining
30:11 Chain Barding Armor
29:55 Heavy Plow
31:22 Bloodlines
31:12 Husbandry
32:04 Fletching
32:49 Ballistics
32:41 Double Crossbow
33:32 Plate Barding Armor
34:08 Conscription
34:29 Siege Engineers
36:04 Elite Ballista Elephant
37:46 Chemistry
37:20 Bodkin Arrow
38:39 Coinage
38:20 Masonry
39:58 Architecture
40:31 Banking
41:16 Hand Cart
Connection lost

Rejoining the realm…

Still unreachable

The connection could not be restored.

Session expired

The server has moved on; the page needs a fresh start.